Map: 2000 Atmospheres LE

Players

glhf

  • Race: Terran Terran
  • League: Diamond

whitePuma - Winner!

  • Race: Protoss Protoss
  • League: Diamond

VOD

Have the link to the VOD?

Description

3 base vs unscouted mech

Time

  • Played on: Jan. 26, 2022, 11:04 p.m.
  • Length: 16:22
Show
View Real Time Build Order
Export as new Build Order

glhf Terran 

Build Orders: Mech 

Get SALT Encoding   

  12  0:00  SCV  
  13  0:12  SCV  
  14  0:16  Supply Depot  
  14  0:24  SCV  
  15  0:38  SCV  
  15  0:40  Barracks  
  16  0:43  Refinery  
  16  0:50  SCV  
  17  1:03  SCV  
  18  1:15  SCV  
  19  1:27  Barracks Reactor  
  19  1:28  Orbital Command  
  19  1:45  Command Center  
  19  1:54  SCV  
  19  2:01  Supply Depot  
  20  2:03  Marine x2  
  22  2:15  Factory  
  22  2:21  Refinery  
  22  2:22  Marine  
  23  2:25  Marine  
  24  2:31  SCV  
  25  2:40  Marine  
  25  2:43  Marine, SCV  
  28  2:55  SCV  
  29  3:01  Starport  
  29  3:03  Orbital Command  
  28  3:12  SCV  
  29  3:16  Hellion  
  29  3:19  Hellion  
  33  3:31  SCV  
  33  3:32  SCV  
  35  3:39  Starport Tech Lab  
  35  3:43  SCV  
  36  3:49  Widow Mine x2  
  40  4:00  Command Center  
  40  4:06  SCV  
  40  4:08  Starport Reactor  
  41  4:12  Supply Depot  
  41  4:19  Supply Depot  
  41  4:21  Hellion x2  
  41  4:23  SCV  
  46  4:34  SCV  
  46  4:35  SCV  
  46  4:36  Armory  
  48  4:39  Factory  
  48  4:40  Barracks Reactor  
  48  4:46  SCV  
  48  4:47  Supply Depot  
  48  4:50  SCV  
  48  4:51  Supply Depot  
  50  4:56  Liberator  
  54  5:04  Hellion  
  54  5:05  Hellion  
  57  5:07  SCV  
  57  5:10  SCV  
  59  5:14  Orbital Command  
  59  5:20  SCV  
  60  5:21  Infernal Pre-Igniter  
  60  5:23  SCV  
  63  5:28  Hellion  
  63  5:30  Hellion  
  63  5:31  Hellion  
  63  5:32  SCV  
  68  5:49  Viking x2  
  72  5:51  Terran Vehicle Weapons Level 1  
  72  5:57  SCV  
  72  5:58  SCV  
  72  5:59  Hellion  
  76  6:06  Factory  
  76  6:11  Refinery  
  76  6:12  Refinery, Hellion x2  
  76  6:17  SCV x3  
  83  6:20  Hellion  
  83  6:24  Supply Depot  
  83  6:25  Supply Depot  
  85  6:26  Supply Depot  
  85  6:33  Siege Tank  
  85  6:38  Orbital Command, SCV x2  
  90  6:51  Hellion x2  
  96  7:01  Hellion x2  
  96  7:05  Siege Tank  
  101  7:08  Engineering Bay  
  101  7:09  SCV x2  
  101  7:14  SCV  
  104  7:20  Hellion x2  
  104  7:21  SCV  
  109  7:27  Supply Depot, Hellion x2  
  113  7:30  Liberator, Supply Depot  
  113  7:33  SCV  
  117  7:39  Missile Turret  
  117  7:41  Missile Turret  
  117  7:43  Missile Turret  
  117  7:48  Siege Tank, SCV x3  
  117  7:49  Hellion  
  117  7:50  Supply Depot  
  125  7:53  Supply Depot  
  120  8:00  Hellion  
  95  8:06  Hellion x2  
  95  8:10  Hellion  
  95  8:11  SCV  
  93  8:17  SCV x2  
  90  8:20  Siege Tank  
  90  8:22  Hellion  
  95  8:31  Hellion x2  
  95  8:33  Liberator  
  102  8:36  Terran Vehicle Weapons Level 2, Liberator  
  102  8:40  Supply Depot  
  105  8:44  Factory, Hellion  
  105  8:46  Factory  
  105  8:47  SCV x2  
  105  8:48  SCV, Hellion  
  112  8:53  Siege Tank  
  115  8:59  SCV  
  115  9:00  SCV x2  
  118  9:03  Supply Depot  
  118  9:04  Hellion x2  
  122  9:11  Hellion x2  
  126  9:25  Siege Tank  
  129  9:31  Command Center  
  129  9:32  Armory  
  129  9:35  Factory Tech Lab x2  
  129  9:37  Refinery x2  
  129  9:41  SCV  
  129  9:42  Hellion  
  132  9:50  Hellion x3  
  138  9:54  Liberator  
  138  9:56  Siege Tank x2  
  138  9:57  Siege Tank  
  138  9:58  SCV x3  
  155  10:07  Hellion  
  155  10:10  SCV x3  
  158  10:17  Hellion x2  
  159  10:26  SCV  
  159  10:27  SCV  
  161  10:28  Siege Tank  
  161  10:32  Siege Tank x2  
  167  10:48  Factory  
  167  10:53  Factory x2  
  167  10:58  Refinery, Hellion x4  
  167  11:00  Thor  
  167  11:02  Missile Turret, Refinery  
  171  11:04  Hellion x2  
  154  11:19  Viking  
  154  11:21  SCV x3  
  154  11:22  Missile Turret  
  154  11:25  Thor  
  147  11:30  Hellion x2  
  155  11:35  SCV x4  
  155  11:36  Thor  
  155  11:37  Hellion  
  167  11:48  Factory Tech Lab  
  167  11:49  Factory Tech Lab x2  
  167  11:53  Command Center  
  167  11:56  Refinery  
  167  11:59  Planetary Fortress  
  167  12:01  Thor  
  167  12:03  Viking x2  
  177  12:13  Supply Depot  
  177  12:16  Supply Depot, Thor  
  177  12:20  Refinery  
  183  12:27  SCV x3  
  186  12:35  Thor  
  192  12:37  Viking, Thor  
  198  12:46  Viking  
  198  12:53  Terran Ship Weapons Level 1  
  198  12:54  Terran Vehicle And Ship Armor Level 1  
  198  13:06  Planetary Fortress  
  198  13:07  Viking  
  198  13:10  Thor  
  198  13:11  Hellbat  
  192  13:16  Viking  
  192  13:18  Thor  
  192  13:19  Hellion x2  
  150  13:37  Viking  
  150  13:40  Missile Turret x2  
  143  13:41  Thor x2  
  143  13:43  Hellion  
  143  13:44  Missile Turret, Hellion x3  
  143  13:45  Thor  
  154  14:06  Thor  
  154  14:08  Hellion  
  162  14:12  Thor  
  170  14:24  Thor  
  168  14:31  Thor  
  169  14:34  Thor  
  169  14:35  Hellion  
  159  14:47  Hellion  
  159  14:49  Thor  
  148  15:19  Factory Tech Lab  
  148  15:20  SCV  
  148  15:21  Thor x2  
  148  15:22  Thor  
  148  15:28  Thor  
  172  15:41  Missile Turret  
  172  15:43  Missile Turret x2  
  172  15:44  Missile Turret  
  172  15:45  Missile Turret x2  
  172  15:46  Missile Turret  
  172  15:47  Missile Turret, SCV x4  
  172  15:48  Missile Turret  
Show
View Real Time Build Order
Export as new Build Order

whitePuma Protoss - Winner!

Build Orders: Nexus First 

Get SALT Encoding   

  12  0:00  Probe  
  13  0:12  Probe  
  14  0:19  Pylon  
  14  0:24  Probe  
  15  0:37  Probe  
  16  0:57  Nexus  
  16  0:59  Probe  
  17  1:11  Probe  
  17  1:13  Forge  
  18  1:22  Pylon  
  18  1:46  Nexus  
  18  1:51  Probe  
  20  2:08  Probe (Chrono Boost)  
  20  2:09  Probe (Chrono Boost)  
  21  2:21  Photon Cannon  
  21  2:31  Photon Cannon  
  21  2:34  Probe  
  21  2:35  Probe, Photon Cannon  
  23  2:41  Gateway  
  23  2:47  Probe  
  23  2:48  Assimilator  
  24  2:52  Assimilator  
  25  2:59  Probe x2 (Chrono Boost)  
  25  3:02  Probe (Chrono Boost)  
  27  3:10  Probe (Chrono Boost)  
  27  3:12  Probe (Chrono Boost)  
  30  3:13  Probe (Chrono Boost)  
  30  3:19  Probe (Chrono Boost)  
  33  3:21  Probe (Chrono Boost)  
  33  3:22  Probe (Chrono Boost)  
  34  3:28  Probe (Chrono Boost), Cybernetics Core  
  34  3:29  Probe x2 (Chrono Boost)  
  36  3:40  Probe (Chrono Boost)  
  39  3:41  Probe (Chrono Boost)  
  39  3:45  Probe (Chrono Boost)  
  39  3:47  Gateway  
  39  3:50  Probe (Chrono Boost), Pylon  
  39  3:52  Probe (Chrono Boost)  
  39  3:53  Probe (Chrono Boost)  
  39  3:55  Probe (Chrono Boost)  
  42  3:56  Pylon  
  44  4:06  Probe x2 (Chrono Boost)  
  44  4:09  Probe (Chrono Boost), Sentry (Chrono Boost)  
  48  4:16  Probe (Chrono Boost), Twilight Council  
  49  4:18  Gateway  
  49  4:20  Gateway  
  49  4:21  Gateway  
  49  4:22  Gateway  
  49  4:26  Probe x3  
  52  4:33  Zealot (Chrono Boost)  
  52  4:34  Protoss Ground Armor Level 1 (Chrono Boost)  
  56  4:39  Zealot (Chrono Boost)  
  56  4:50  Charge (Chrono Boost)  
  56  4:51  Phoenix  
  56  4:56  Zealot  
  58  5:01  Warp Gate  
  58  5:07  Zealot x2  
  58  5:09  Zealot x3  
  68  5:26  Zealot  
  70  5:31  Pylon  
  70  5:34  Pylon  
  70  5:37  Pylon  
  70  5:40  Pylon  
  70  5:42  Pylon  
  70  5:44  Pylon  
  70  5:47  Zealot x2  
  70  5:48  Zealot  
  70  5:49  Zealot x2  
  80  6:00  Zealot  
  80  6:04  Gateway  
  82  6:05  Gateway  
  82  6:09  Gateway  
  82  6:11  Gateway  
  82  6:12  Probe x2  
  82  6:13  Probe, Gateway  
  82  6:16  Gateway  
  85  6:19  Gateway  
  85  6:27  Zealot x5  
  85  6:29  Zealot  
  85  6:31  Protoss Ground Armor Level 2 (Chrono Boost)  
  97  6:51  Pylon  
  97  6:54  Pylon  
  97  6:56  Pylon  
  97  6:59  Zealot  
  97  7:00  Zealot  
  101  7:03  Zealot x3  
  101  7:04  Zealot x2  
  101  7:05  Zealot x2  
  115  7:08  Zealot x2  
  115  7:12  Zealot  
  115  7:15  Zealot  
  123  7:24  Zealot x2  
  123  7:28  Pylon  
  127  7:30  Zealot x5  
  127  7:31  Zealot x2  
  127  7:32  Pylon  
  141  7:54  Zealot  
  141  7:55  Zealot x7  
  141  7:56  Zealot x5  
  115  8:12  Blink (Chrono Boost)  
  81  8:16  Stalker  
  81  8:17  Stalker x7  
  81  8:18  Stalker x3  
  91  8:30  Assimilator  
  91  8:32  Assimilator  
  91  8:34  Assimilator  
  91  8:35  Assimilator  
  91  8:44  Probe  
  91  8:45  Probe x2  
  91  8:47  Stalker  
  96  8:50  Nexus  
  96  8:51  Pylon x2  
  96  9:00  Protoss Ground Weapons Level 1 (Chrono Boost)  
  95  9:10  Stalker  
  95  9:11  Stalker x4  
  95  9:48  Stargate  
  95  9:51  Stargate  
  95  9:55  Stargate  
  95  9:58  Stargate  
  95  10:03  Stalker x5  
  105  10:08  Probe (Chrono Boost)  
  105  10:12  Probe (Chrono Boost)  
  105  10:13  Probe x2 (Chrono Boost)  
  107  10:32  Probe x2 (Chrono Boost), Assimilator  
  111  10:35  Void Ray  
  111  10:36  Void Ray, Assimilator  
  111  10:38  Probe x2 (Chrono Boost)  
  111  10:42  Probe (Chrono Boost)  
  120  10:44  Void Ray  
  124  10:50  Protoss Air Weapons Level 1  
  124  10:54  Probe  
  124  10:55  Probe x2  
  97  11:14  Void Ray x3 (Chrono Boost)  
  97  11:18  Void Ray (Chrono Boost)  
  101  11:44  Void Ray (Chrono Boost)  
  101  11:45  Nexus  
  101  11:47  Void Ray, Pylon  
  109  11:56  Void Ray  
  109  11:59  Void Ray  
  117  12:10  Probe x3  
  120  12:20  Void Ray  
  120  12:24  Sentry  
  126  12:31  Oracle  
  129  12:41  Void Ray x2  
  137  12:55  Probe x3  
  140  13:00  Probe  
  141  13:07  Probe x2  
  139  13:17  Void Ray x2  
  139  13:18  Void Ray x2  
  135  13:54  Void Ray  
  135  13:55  Void Ray x2  
  127  13:56  Void Ray  
  133  14:32  Void Ray x2  
  133  14:34  Void Ray x2  
  131  15:06  Void Ray (Chrono Boost)  
  127  15:07  Void Ray (Chrono Boost)  
  127  15:08  Void Ray (Chrono Boost)  
  127  15:09  Void Ray (Chrono Boost)  
  139  15:22  Assimilator  
  139  15:24  Assimilator  
  139  15:25  Pylon  
  139  15:36  Void Ray  
  139  15:37  Void Ray  
  139  15:40  Nexus  
  143  15:43  Fleet Beacon  
Tags
 
Add a new tag
Caveats
  • Supply blocks, unpowered buildings, or Contaminate may cause inaccurate times.
  • Supply counts are checked every 10 seconds.